 Dungeon Crawl Stone Soup version 0.22.1-1-ga44c0e5 (webtiles) character file.

1099 brandon the Conjurer (level 8, -2/47 HPs)
             Began as a Deep Elf Fire Elementalist on Oct 7, 2018.
             Slain by a sky beast (5 damage)
             ... on level 5 of the Dungeon.
             The game lasted 00:17:37 (6241 turns).

brandon the Conjurer (Deep Elf Fire Elementalist)   Turns: 6241, Time: 00:17:39

Health: -2/47      AC:  4    Str:  5    XL:     8   Next: 10%
Magic:  9/19       EV: 13    Int: 23    God:
Gold:   250        SH:  4    Dex: 15    Spells: 4/19 levels left

rFire    + . .     SeeInvis .   o - +0 spear (pierce)
rCold    . . .     Gourm    .   (no shield)
rNeg     . . .     Faith    .   a - +1 robe
rPois    .         Spirit   .   (no helmet)
rElec    .         Reflect  .   (no cloak)
rCorr    .         Harm     .   (no gloves)
MR       .....     Rnd*Rage +   (no boots)
Stlth    ++........             g - amulet of magic regeneration
HPRegen  0.15/turn              (no ring)
MPRegen  0.41/turn              (no ring)

@: very slightly contaminated
A: large bone plates 1, rugged brown scales 1, berserk 1, fire resistance 1
a: no special abilities


You were on level 5 of the Dungeon.
You were very hungry.

You visited 1 branch of the dungeon, and saw 5 of its levels.
You also visited: Ossuary.

You collected 365 gold pieces.
You spent 115 gold pieces at shops.

Inventory:

Hand Weapons
 o - a +0 spear of piercing (weapon)
Armour
 a - a +1 robe (worn)
Jewellery
 e - an uncursed ring of fire
 g - an amulet of magic regeneration (around neck)
 j - an uncursed ring of resist corrosion {unknown}
Scrolls
 b - 3 scrolls of enchant armour
 f - 5 scrolls of remove curse
 h - 3 scrolls of amnesia
 k - 3 scrolls of teleportation
 r - 2 scrolls of immolation
 s - a scroll of fog
Potions
 d - 3 potions of curing
 i - a potion of mutation
 l - a potion of lignification {unknown}
 m - 2 potions of might
 n - 2 potions of heal wounds {unknown}
 p - 2 potions of flight {unknown}
 q - a potion of brilliance {unknown}
Comestibles
 c - 2 rations
 t - 4 chunks of flesh


   Skills:
 + Level 3.2 Fighting
 - Level 2.4 Dodging
 - Level 2.4 Stealth
 + Level 6.3 Spellcasting
 * Level 6.6 Conjurations
 + Level 5.7 Fire Magic


You had 4 spell levels left.
You knew the following spells:

 Your Spells              Type           Power        Failure   Level  Hunger
a - Flame Tongue          Conj/Fire      #####        1%          1    None
b - Throw Flame           Conj/Fire      #####.       1%          2    None
c - Conjure Flame         Conj/Fire      #####...     1%          3    #......
d - Sticky Flame          Conj/Fire      #####...     7%          4    ###....
e - Fireball              Conj/Fire      #####.....   19%         5    #####..

Your spell library contained the following spells:

 Spells                   Type           Power        Failure   Level  Hunger
 Inner Flame              Hex/Fire       ###.....     8%          3    #......


Dungeon Overview and Level Annotations

Branches:
Dungeon (5/15)
 Temple: D:4-7

Altars:
Fedhas

Shops:
D:4 ?

Annotations:
D:5 Sigmund


Innate Abilities, Weirdness & Mutations

You are partially covered in large bone plates. (SH +4)
You are partially covered in rugged brown scales. (AC +1, +3% HP)
You tend to lose your temper in combat.
Your flesh is heat resistant. (rF+)


Message History

* * * LOW HITPOINT WARNING * * *
Sigmund gestures at you while chanting. The puff of flame hits you!
* * * LOW HITPOINT WARNING * * *
Sigmund gestures wildly while chanting.
Sigmund flickers and vanishes!
Deactivating autopickup; reactivate with Ctrl-A.
The sky beast hits you.
* * * LOW HITPOINT WARNING * * *
The sky beast shocks you.
* * * LOW HITPOINT WARNING * * *
There is a stone staircase leading down here.
It was a potion of mutation.
You feel extremely strange.
Large bone plates grow over parts of your arms.
You feel resistant to heat.
You feel a little pissed off.
Rugged brown scales grow over part of your body.
The sky beast hits you.
* * * LOW HITPOINT WARNING * * *
The sky beast shocks you.
You die...

#.#.#
#.#####...#.###.#
##.#.###.# ##.###...##
.....#....# #<# ##.##
###.#.##..######.#
#...# #.#.##.........#
#...# #<.............#
#.).# ##.###.#######.#
#.### #.#
#.#######.###.#
####.###........@Y...#
....r......#.#######.#
##.#.###....... #.#
#.#.# #...#.## #.#
#.#.# #...#.##. #.#
#.#.# #...#.##.####.#
#.#.# #...........#.#
.#..# #....##.##....##
# #.# .....##........#


You could see a sky beast.

Vanquished Creatures
  An ogre (D:4)
  A centaur (D:5)
  5 big kobolds (D:3)
  2 centaur zombies (Ossuary)
  2 human zombies (Ossuary)
  A bullfrog skeleton (D:5)
  An iguana (D:5)
  3 worker ants
  An orc wizard (D:4)
  A big kobold zombie (Ossuary)
  3 mummies
  5 gnolls (D:3)
  A howler monkey skeleton (D:5)
  2 adders (D:4)
  An adder zombie (Ossuary)
  2 oozes
  2 worms
  4 dart slugs
  4 leopard geckos
  6 orcs (D:4)
  9 bats
  6 giant cockroaches
  9 goblins
  8 hobgoblins
  9 jackals
  2 quokkas
  A ball python (D:2)
  A frilled lizard (D:1)
  A goblin zombie (Ossuary)
  8 hobgoblin zombies
  A jackal zombie (Ossuary)
  46 kobolds
  12 kobold zombies
  9 orc zombies (Ossuary)
  5 rats
  A rat zombie (Ossuary)
176 creatures vanquished.

Notes
Turn   | Place    | Note
-------+----------+-------------------------------------------
     0 | D:1      | brandon the Deep Elf Fire Elementalist began the quest for
                  | the Orb.
     0 | D:1      | Reached XP level 1. HP: 10/10 MP: 6/6
   693 | D:1      | Reached XP level 2. HP: 16/16 MP: 2/8
   697 | D:1      | Learned a level 2 spell: Throw Flame
  1294 | D:2      | Reached XP level 3. HP: 20/20 MP: 2/9
  1437 | D:2      | Learned a level 3 spell: Conjure Flame
  1690 | D:2      | Found a faded altar of an unknown god.
  1972 | D:2      | Reached skill level 1 in Fighting
  2689 | D:3      | Reached XP level 4. HP: 25/25 MP: 6/11
  2697 | D:3      | Found a blossoming altar of Fedhas.
  3002 | D:3      | Learned a level 4 spell: Sticky Flame
  3070 | D:3      | Noticed a big kobold
  3075 | D:3      | Killed a big kobold
  3075 | D:3      | Reached XP level 5. HP: 17/29 MP: 2/13
  3360 | D:3      | Reached XP level 6. HP: 34/35 MP: 0/15
  3647 | D:3      | Reached skill level 5 in Spellcasting
  3897 | D:3      | Learned a level 5 spell: Fireball
  3900 | D:3      | Reached skill level 5 in Conjurations
  4067 | D:3      | Reached XP level 7. HP: 28/40 MP: 11/16
  4551 | D:4      | Found Xeulae's Magic Scroll Emporium.
  4599 | D:4      | Found a sand-covered staircase.
  4603 | D:4      | Reached skill level 5 in Fire Magic
  4606 | Ossuary  | Entered an ossuary
  5385 | D:4      | Bought a scroll of random uselessness for 11 gold pieces
  5385 | D:4      | Bought a scroll of noise for 11 gold pieces
  5385 | D:4      | Bought a scroll of teleportation for 33 gold pieces
  5385 | D:4      | Bought a scroll of immolation for 38 gold pieces
  5385 | D:4      | Bought a scroll of fog for 22 gold pieces
  5930 | D:5      | Entered Level 5 of the Dungeon
  6047 | D:5      | Reached XP level 8. HP: 31/46 MP: 16/19
  6192 | D:5      | Noticed Sigmund
  6241 | D:5      | Gained mutation: You are partially covered in large bone
                  | plates. (SH +4) [potion of mutation]
  6241 | D:5      | Gained mutation: Your flesh is heat resistant. (rF+)
                  | [potion of mutation]
  6241 | D:5      | Gained mutation: You tend to lose your temper in combat.
                  | [potion of mutation]
  6241 | D:5      | Gained mutation: You are partially covered in rugged brown
                  | scales. (AC +1, +3% HP) [potion of mutation]
  6241 | D:5      | Slain by a sky beast

Skill      XL: |  1  2  3  4  5  6  7 |
---------------+----------------------+-----
Conjurations   | 2 3 4 5 6 |  6.6
Fighting       | 1 2 3 |  3.2
Spellcasting   | 4 5 6 |  6.3
Fire Magic     | 4 5 |  5.7
Dodging        | |  2.4
Stealth        | |  2.4

Action                   |  1- 3 |  4- 6 |  7- 9 || total
-------------------------+-------+-------+-------++-------
Melee: Unarmed           |     9 |       |       ||     9
       Club              |    18 |       |       ||    18
       Dagger            |     4 |     7 |       ||    11
       Spear             |       |       |    21 ||    21
 Cast: Flame Tongue      |    76 |    56 |   104 ||   236
       Throw Flame       |    24 |    37 |    37 ||    98
       Sticky Flame      |       |     3 |    16 ||    19
       Conjure Flame     |       |       |     4 ||     4
       Fireball          |       |       |     3 ||     3
  Use: Scroll            |     3 |       |     8 ||    11
       Potion            |       |       |     1 ||     1
 Stab: Sleeping          |       |       |     1 ||     1
  Eat: Chunk             |     6 |     2 |     5 ||    13
       Ration            |       |     1 |     1 ||     2
Armor: Robe              |    13 |     8 |     5 ||    26
Dodge: Dodged            |    75 |    15 |    32 ||   122
